details: 'Tauren.Lol'

« prev index next »

General information

Mini Map

Players

team 1
Random» OrcMedDoctorBR (yellow | 90 APM | 2843 actions | 31:37)
Hero icon 4 Blademaster
Ability icon 2 Wind Walk
Ability icon 2 Critical Strike
Hero icon 6 Shadow Hunter
Ability icon 3 Healing Wave
Ability icon 2 Hex
Ability icon 1 Big Bad Voodoo

» actions
Assign group hotkey33
Basic commands69
Build / train65
Enter build submenu16
Enter hero's abilities submenu10
Give item / drop item2
Remove unit from queue3
Right click1134
Select / deselect670
Select group hotkey747
Use ability94
2843 total
» units
Peon8
Grunt4
Troll Headhunter/Berserker6
Forest Troll Shadow Priest2
Spirit Walker1
Tauren5
Troll Witch Doctor4
Forest Troll Berserker1
Mud Golem1
Ogre Mauler1
33 total
» upgrades
Armor2
Berserker Strength1
Ranged Weapons1
Spirit Walker Training2
Witch Doctor Training2
Melee Weapons2
Pulverize1
Berserker Upgrade1
12 total
» buildings
Altar of Storms1
Orc Burrow7
Barracks1
Voodoo Lounge2
Stronghold1
War Mill1
Beastiary1
Spirit Lodge1
Fortress1
Tauren Totem1
Great Hall1
18 total
» build order
00:03 Altar of Storms
00:16 Orc Burrow
00:28 Barracks
01:31 Orc Burrow
02:20 Voodoo Lounge
02:29 Voodoo Lounge
03:14 Stronghold
03:43 War Mill
03:46 Orc Burrow
06:11 Beastiary
06:27 Orc Burrow
06:49 Spirit Lodge
07:13 Fortress
09:38 Tauren Totem
10:09 Orc Burrow
14:41 Orc Burrow
23:53 Orc Burrow
28:09 Great Hall
» items
Healing Salve2
Lesser Clarity Potion2
Potion of Healing1
5 total
team 2
Random» NightElfWu.Tang.Pride (pink | 133 APM | 4221 actions | 31:38)
Hero icon 7 Warden
Ability icon 3 Shadow Strike
Ability icon 3 Blink
Ability icon 1 Spirit of Vengeance
Hero icon 5 Goblin Alchemist
Ability icon 3 Acid Bomb
Ability icon 2 Chemical Rage

» actions
Assign group hotkey49
Basic commands163
Build / train85
ESC pressed1
Enter build submenu17
Enter hero's abilities submenu13
Give item / drop item3
Right click2096
Select / deselect1095
Select group hotkey491
Use ability208
4221 total
» units
Wisp23
Archer6
Dryad9
Druid of the Claw10
48 total
» upgrades
Abolish Magic1
Druid of the Claw Training2
Mark of the Claw1
4 total
» buildings
Altar of Elders1
Moon Well5
Ancient of War1
Ancient of Wonders2
Tree of Ages1
Hunter's Hall1
Ancient of Lore2
Tree of Eternity1
Tree of Life1
15 total
» build order
00:03 Altar of Elders
00:06 Moon Well
00:25 Ancient of War
02:06 Moon Well
03:29 Ancient of Wonders
04:01 Tree of Ages
04:32 Moon Well
05:18 Hunter's Hall
06:24 Ancient of Lore
07:14 Ancient of Lore
08:07 Moon Well
09:35 Moon Well
11:28 Tree of Eternity
14:48 Ancient of Wonders
20:11 Tree of Life
» items
Lesser Clarity Potion4
Dust of Appearance3
Boots of Speed1
Moonstone2
Potion of Healing1
Scroll of Town Portal4
Ring of Protection +31
Pendant of Energy1
17 total